 Dungeon Crawl Stone Soup version 0.16.1-51-g6203257 (webtiles) character file.

33442 Miyamura the Fighter (level 13, -14/124 HPs)
             Began as a Minotaur Fighter on July 21, 2015.
             Was the Champion of Okawaru.
             Killed from afar by a wretched star (31 damage)
             ... with an orb of energy
             ... on level 1 of the Abyss.
             The game lasted 00:56:41 (13224 turns).

Miyamura the Fighter (Minotaur Fighter)            Turns: 13224, Time: 00:56:41

Health: -14/124    AC: 26    Str: 22    XL:     13   Next: 36%
Magic:  0/5        EV:  2    Int:  5    God:    Okawaru [******]
Gold:   541        SH:  0    Dex:  4    Spells: 0 memorised, 12 levels left

rFire  . . .     SeeInvis .     j - +2 war axe (drain)
rCold  + . .     Rnd*Rage +     a - melded +2 plate armour {MR+}
rNeg   + + +     SustAb   .     (no shield)
rPois  +         Gourm    .     y - melded +1 hat
rElec  +         Spirit   .     B - melded +2 cloak {MR+}
rCorr  .         Warding  .     J - melded +0 pair of gloves
rMut   .         NoTele   +     N - melded +1 pair of boots
MR     .....                    p - amulet of regeneration
Stlth  +.........               e - ring of the Empire {rElec rC+ MP-9 Str+5 Dex-3 Slay+2}
                                b - ring of flight

@: tree-form, very slightly contaminated, non-regenerating, hasted, very quick,
not resistant to hostile enchantments, very unstealthy
A: (retaliatory headbutt), (horns 0), (molten scales 0), berserk 3, blurry
vision 3, clumsy 2, (deformed body), deterioration 3, dopey 2, frail 3, low mp
3, screaming 3, slow healing 3, teleportitis 3, weak 2, no device heal 3,
forlorn, placid magic 3, MP-powered wands 3
a: Heroism, Finesse, Renounce Religion


You were on level 1 of the Abyss.
You worshipped Okawaru.
Okawaru was exalted by your worship.
You were not hungry.
You were a tree.
You visited 3 branches of the dungeon, and saw 18 of its levels.
You visited the Abyss 1 time.

You collected 1993 gold pieces.
You spent 1452 gold pieces at shops.

Inventory:

Hand weapons
 j - a +2 war axe of draining (weapon)
 l - a +1 hunting sling of flaming
 D - a +0 scimitar of flaming
Missiles
 m - 15 stones (quivered)
Armour
 a - a +2 plate armour of magic resistance (melded)
 w - a +0 shield of reflection
 y - a +1 hat (melded)
 z - the +2 shield of Saut {rCorr MP-9 Dex+3}
   (You found it on level 7 of the Dungeon)

   It affects your dexterity (+3).
   It affects your magic capacity (-9).
   It protects you from acid and corrosion.
 B - a +2 cloak of magic resistance (melded)
 J - a +0 pair of gloves (melded)
 N - a +1 pair of boots (melded)
 P - a +2 robe of fire resistance
Jewellery
 b - a ring of flight (left branch)
 e - the ring of the Empire (right branch) {rElec rC+ MP-9 Str+5 Dex-3 Slay+2}
   (You bought it in a shop on level 4 of the Orcish Mines)

   [ring of strength]

   It affects your strength (+5).
   It affects your dexterity (-3).
   It affects your accuracy and damage with ranged weapons and melee attacks
   (+2).
   It protects you from cold.
   It insulates you from electricity.
   It affects your magic capacity (-9).
 p - an amulet of regeneration (around neck)
Magical devices
 o - a wand of polymorph (20)
 u - a wand of draining (4)
 v - a wand of fire (9)
 C - a wand of paralysis (13)
 E - a wand of confusion (23)
 F - a wand of lightning (5)
 G - a wand of cold (9)
 K - a wand of paralysis (12)
Scrolls
 i - 9 scrolls of remove curse
 q - 3 scrolls of amnesia
 s - 3 scrolls of enchant armour
 L - 3 scrolls of identify
 M - 3 scrolls of recharging
Potions
 c - a potion of cure mutation
 f - 2 potions of invisibility
 g - a potion of heal wounds
 k - 4 potions of brilliance
 n - 2 potions of curing
 O - a potion of agility
Books
 A - a book of Ice

   Spells                             Type                      Level
   a - Ice Form                       Ice/Transmutation            4
   b - Metabolic Englaciation         Hexes/Ice                    5
   c - Ozocubu's Refrigeration        Ice                          6
   d - Bolt of Cold                   Conjuration/Ice              6
   e - Freezing Cloud                 Conjuration/Ice/Air          6
   f - Simulacrum                     Ice/Necromancy               6
 H - a book of Envenomations

   Spells                             Type                      Level
   a - Spider Form                    Transmutation/Poison         3
   b - Alistair's Intoxication        Transmutation/Poison         4
   c - Olgreb's Toxic Radiance        Poison                       4
   d - Poisonous Cloud                Conjuration/Poison/Air       6
Comestibles
 d - 10 bread rations
 h - 4 chunks of flesh
 r - 6 fruits
 t - 7 meat rations


   Skills:
 + Level 12.3 Fighting
 + Level 4.3 Long Blades
 - Level 11.1 Axes
 + Level 12.3 Armour
 + Level 10.7 Dodging
 + Level 12.1 Shields
 - Level 7.0 Invocations


You had 12 spell levels left.
You didn't know any spells.

Dungeon Overview and Level Annotations

Branches:
Dungeon (13/15)            Temple (1/1) D:4            Lair (0/8) D:9
    Orc (4/4) D:10            Elf (0/3) Orc:3
 Vaults: D:13-14

Altars:
Ashenzari
Cheibriados
Dithmenos
Elyvilon
Fedhas
Gozag
Kikubaaqudgha
Makhleb
Nemelex Xobeh
Okawaru
Qazlal
Ru
Sif Muna
Trog
Vehumet
Xom
Yredelemnul
Zin
The Shining One
Lugonu

Shops:
D:5 =}:[(   Orc:4 *[=*(


Innate Abilities, Weirdness & Mutations

((You reflexively headbutt those who attack you in melee.))
((You have a pair of horns on your head.))
((You are partially covered in molten scales (AC +1).))
[You have an uncontrollable temper.]
[Scrolls take you much longer to read.]
[You are very clumsy. (Dex -4)]
[((Armour fits poorly on your strangely shaped body.))]
[Your body is rapidly deteriorating.]
[You are very dopey. (Int -4)]
[You are extremely frail (-30% HP).]
[Your magical capacity is extremely low (-30% MP).]
[You frequently scream uncontrollably at your foes.]
[You do not heal naturally.]
[Space frequently distorts in your vicinity.]
[You are very weak. (Str -4)]
[Potions and wands cannot restore your health.]
[You have difficulty communicating with the divine.]
[Your spells are much easier to cast, but much less powerful.]
[You expend magic power (9 MP) to make your wands much stronger.]


Message History

You are too injured to fight recklessly!
You are too injured to fight recklessly!
Unknown command.
Unknown command.
You are too injured to fight recklessly!
Unknown command.
You are too injured to fight recklessly!
Unknown command.
You are too injured to fight recklessly!
You are too injured to fight recklessly!
Unknown command.
You are too injured to fight recklessly!
You slice the wretched star!!
The wretched star is moderately damaged.
The wretched star pulses with an eldritch light!
You hit the wretched star but do no damage.
The wretched star is moderately damaged.
The wretched star glows turbulently.
The orb of energy hits you!
You die...

.8... ...........
......#...........
8.∩.8 ........ #..
.#.....#........##
.
#..............#.
..
............#..#
.........* #.....#
... #.*X.*#.....#
#.#.##.. #♣..# # .
. #.. #....#
##.####.## ### ##


You could see 3 wretched stars and a large abomination.

Vanquished Creatures
  An orc warlord (Orc:4)
  Fannar (D:12)
  Erica (D:11)
  2 centaur warriors (D:13)
  The ghost of Thomus the Cleaver, an experienced HOFi of Okawaru (D:8)
  3 orc high priests (Orc:4)
  A tengu warrior (D:11)
  A hill giant (D:11)
  8 orc knights
  A manticore (D:12)
  An unseen horror (D:13)
  3 orc sorcerers
  A griffon (D:13)
  2 cyclopes
  A gargoyle (D:11)
  A centaur skeleton (D:13)
  A fire drake (D:9)
  A tengu conjurer (D:11)
  6 trolls
  3 ravens (D:11)
  A two-headed ogre (D:12)
  2 shadows (D:12)
  2 wyverns
  17 yaks
  A centaur simulacrum (D:13)
  Grum (D:10)
  4 hippogriffs
  4 hungry ghosts
  2 vampire mosquitoes (D:13)
  3 wolves (D:10)
  4 ice beasts
  5 wargs
  27 orc warriors
  2 sky beasts
  A black bear (D:7)
  An eye of draining (D:10)
  16 centaurs
  16 ogres
  Sigmund (D:3)
  A wyvern zombie (D:11)
  Blork the orc (D:7)
  3 big kobolds
  2 scorpions (D:7)
  5 giant frogs
  14 wights
  A goliath beetle (D:7)
  4 jellies
  7 crimson imps
  2 hounds
  A quasit (D:10)
  3 giant frog zombies
  3 gnoll shamans (D:8)
  5 centaur zombies
  6 worker ants
  A giant frog skeleton (D:10)
  21 orc priests
  18 orc wizards
  2 iguanas
  4 sheep (D:11)
  Robin (D:2)
  18 gnolls
  10 adders
  An orc skeleton (Orc:3)
  4 shadow imps
  2 worms (D:2)
  A giant mite (D:6)
  3 adder zombies
  2 adder skeletons (D:4)
  3 giant geckos
  130 orcs
  2 ball pythons (D:2)
  A bat zombie (D:6)
  3 giant cockroaches
  35 goblins
  21 hobgoblins
  2 jackals (D:2)
  6 quokkas
  9 bats
  A giant gecko skeleton (D:7)
  4 giant newts
  A giant spore (D:13)
  23 kobolds
  2 orc zombies (Orc:4)
  15 rats
  8 ballistomycetes
562 creatures vanquished.

Vanquished Creatures (others)
  An orc wizard (D:7)
  A giant spore (D:12)
  A kobold (D:6)
  5 fungi
  A plant (D:4)
9 creatures vanquished.

Grand Total: 571 creatures vanquished

Notes
Turn   | Place    | Note
--------------------------------------------------------------
     0 | D:1      | Miyamura, the Minotaur Fighter, began the quest for the Orb.
     0 | D:1      | Reached XP level 1. HP: 19/19 MP: 1/1
   184 | D:1      | Reached XP level 2. HP: 25/27 MP: 1/1
   730 | D:2      | Reached skill level 4 in Armour
   787 | D:2      | Reached skill level 1 in Dodging
   815 | D:2      | Found a shattered altar of Ashenzari.
   820 | D:2      | Reached XP level 3. HP: 33/33 MP: 2/2
   877 | D:2      | Reached XP level 4. HP: 23/40 MP: 2/2
  1061 | D:2      | Found a burning altar of Makhleb.
  1214 | D:2      | Noticed Robin
  1223 | D:2      | Killed Robin
  1225 | D:2      | Reached XP level 5. HP: 37/46 MP: 2/2
  1565 | D:3      | Reached skill level 5 in Shields
  1565 | D:3      | Reached XP level 6. HP: 43/53 MP: 3/3
  1698 | D:3      | Found a deep blue altar of Sif Muna.
  1699 | D:3      | Found a blossoming altar of Fedhas.
  1699 | D:3      | Found an ancient bone altar of Kikubaaqudgha.
  1699 | D:3      | Found a sparkling altar of Nemelex Xobeh.
  1700 | D:3      | Found a snail-covered altar of Cheibriados.
  1700 | D:3      | Found a basalt altar of Yredelemnul.
  1723 | D:3      | Noticed Sigmund
  1738 | D:3      | Killed Sigmund
  1738 | D:3      | Reached skill level 5 in Armour
  2239 | D:4      | Found a sacrificial altar of Ru.
  2561 | D:4      | Found a staircase to the Ecumenical Temple.
  2568 | Temple   | Entered the Ecumenical Temple
  2611 | Temple   | Became a worshipper of Warmaster Okawaru
  3048 | D:5      | Entered Level 5 of the Dungeon
  3117 | D:5      | Reached skill level 5 in Fighting
  3198 | D:5      | Found Caoqat Bro's Antique Armour Shop.
  3210 | D:5      | Bought a glowing shield for 94 gold pieces
  3210 | D:5      | Bought a pair of boots for 94 gold pieces
  3210 | D:5      | Bought a glowing hat for 84 gold pieces
  3266 | D:5      | Found Frou's Gadget Shop.
  3293 | D:5      | Found Ytufuihu's Jewellery Shoppe.
  3299 | D:5      | Bought a cursed -3 ring of slaying for 24 gold pieces
  3307 | D:5      | Found Shriz's Book Shop.
  3323 | D:5      | Found a stormy altar of Qazlal.
  3344 | D:5      | Reached skill level 1 in Invocations
  3344 | D:5      | Reached XP level 7. HP: 55/61 MP: 4/4
  3485 | D:5      | Found Klias' Weapon Boutique.
  3737 | D:6      | Noticed Blork the orc
  4061 | D:7      | Acquired Okawaru's first power
  4061 | D:7      | Reached skill level 5 in Axes
  4158 | D:7      | Reached skill level 6 in Shields
  4158 | D:7      | Reached XP level 8. HP: 68/70 MP: 5/5
  4415 | D:7      | Got a warped shield
  4434 | D:7      | Identified the +2 shield of Saut {rCorr MP-9 Dex+3} (You found it on level 7 of the Dungeon)
  4474 | D:7      | Killed Blork the orc
  4491 | D:7      | Found an iron altar of Okawaru.
  4889 | D:8      | Reached skill level 7 in Shields
  4890 | D:8      | Reached skill level 5 in Dodging
  4958 | D:8      | Reached XP level 9. HP: 74/78 MP: 1/10
  5379 | D:8      | Noticed Thomus' ghost (experienced HOFi)
  5434 | D:8      | Killed Thomus' ghost
  5434 | D:8      | Reached skill level 8 in Shields
  5495 | D:8      | Reached skill level 5 in Invocations
  5638 | D:8      | Found a white marble altar of Elyvilon.
  5822 | D:8      | Reached XP level 10. HP: 88/88 MP: 3/12
  6477 | D:9      | Found a staircase to the Lair.
  6676 | D:9      | Gained mutation: [Your magical capacity is low (-10% MP).] [mutagenic meat]
  6785 | D:9      | Acquired Okawaru's second power
  6924 | D:9      | Found a shadowy altar of Dithmenos.
  7157 | D:10     | Entered Level 10 of the Dungeon
  7185 | D:10     | Reached skill level 9 in Shields
  7615 | D:10     | Found a staircase to the Orcish Mines.
  7699 | D:10     | Received a gift from Okawaru
  7856 | Orc:1    | Entered Level 1 of the Orcish Mines
  7856 | Orc:1    | Noticed an orc sorcerer
  7923 | Orc:1    | Noticed Grum
  7923 | Orc:1    | Paralysed by an orc sorcerer for 5 turns
  8131 | D:10     | Reached XP level 11. HP: 92/97 MP: 5/14
  8133 | D:10     | Killed Grum
  8214 | Orc:1    | Killed an orc sorcerer
  8277 | Orc:1    | Found a bloodstained altar of Trog.
  8428 | Orc:2    | Found a radiant altar of Vehumet.
  9581 | Orc:3    | Found a staircase to the Elven Halls.
  9837 | Orc:2    | Reached skill level 10 in Fighting
 10077 | Orc:4    | Entered Level 4 of the Orcish Mines
 10077 | Orc:4    | Found Suirucko's Assorted Antiques.
 10107 | Orc:3    | Reached skill level 10 in Shields
 10164 | Orc:3    | Reached skill level 10 in Armour
 10272 | Orc:3    | Paralysed by an orc sorcerer for 4 turns
 10275 | Orc:3    | Noticed an ice devil
 10317 | Orc:4    | Noticed an orc warlord
 10368 | Orc:3    | Reached skill level 10 in Axes
 10471 | Orc:4    | Killed an orc warlord
 10471 | Orc:4    | Received a gift from Okawaru
 10471 | Orc:4    | Reached XP level 12. HP: 81/107 MP: 5/16
 10476 | Orc:4    | Got a jewelled cloak {god gift}
 10487 | Orc:3    | Identified the +1 cloak "Cliq" {rN+ MP+9 Str-5} (Okawaru gifted it to you on level 4 of the Orcish Mines)
 10544 | Orc:4    | Noticed an orc high priest
 10557 | Orc:4    | Killed an orc high priest
 10565 | Orc:4    | Found Phibyixa's Antique Armour Shop.
 10615 | Orc:4    | Noticed an orc high priest
 10620 | Orc:4    | Killed an orc high priest
 10725 | Orc:4    | Found Pruwk's Jewellery Boutique.
 10745 | Orc:4    | Noticed an orc high priest
 10761 | Orc:4    | Killed an orc high priest
 10761 | Orc:4    | Reached skill level 11 in Fighting
 10786 | Orc:4    | Bought the ring of the Empire {rElec rC+ MP-9 Str+5 Dex-3 Slay+2} for 835 gold pieces
 10816 | Orc:4    | Found Tahee's Antique Weapon Shop.
 10823 | Orc:4    | Bought a transparent hand axe for 256 gold pieces
 10824 | Orc:4    | Identified the +4 hand axe of Corruption {chop, -Tele MP+9 Str+3} (You bought it in a shop on level 4 of the Orcish Mines)
 11040 | Orc:4    | Found Daes' General Store.
 11048 | Orc:4    | Bought a potion of heal wounds for 65 gold pieces
 11294 | D:11     | Found an opulent altar of Gozag.
 11345 | D:11     | Noticed Erica
 11359 | D:11     | Killed Erica
 11380 | D:11     | Received a gift from Okawaru
 11453 | D:11     | Reached skill level 1 in Long Blades
 11453 | D:11     | Reached skill level 10 in Dodging
 11688 | D:11     | Got a polished chain mail
 11700 | D:11     | Identified the cursed -4 chain mail of the Elven Halls {rF+ Str+4} (You found it on level 11 of the Dungeon)
 12241 | D:12     | Noticed Fannar
 12257 | D:12     | Killed Fannar
 12257 | D:12     | Reached XP level 13. HP: 92/117 MP: 0/18
 12328 | D:12     | Gained mutation: You are partially covered in molten scales (AC +1). [potion of beneficial mutation]
 12660 | D:13     | Reached skill level 12 in Fighting
 12664 | D:13     | Received a gift from Okawaru
 13116 | D:13     | Cast into the Abyss (orc warrior)
 13224 | Abyss:1  | Killed from afar by a wretched star

Action                   |  1- 3 |  4- 6 |  7- 9 | 10-12 | 13-15 || total
-------------------------+-------+-------+-------+-------+-------++-------
Melee: War axe           |    88 |   165 |   363 |   857 |   148 ||  1621
       Unarmed           |       |       |    39 |       |       ||    39
       Scimitar          |       |       |       |     9 |       ||     9
Invok: Heroism           |       |       |       |     4 |       ||     4
       Finesse           |       |       |       |     1 |       ||     1
Evoke: Wand              |       |       |     3 |    12 |     1 ||    16
  Use: Scroll            |     4 |    14 |     4 |    11 |       ||    33
       Potion            |       |       |     4 |     7 |     6 ||    17
 Stab: Invisible         |       |       |       |     1 |       ||     1
  Eat: Chunk             |       |     6 |     7 |    30 |     3 ||    46
       Fruit             |       |     2 |       |       |       ||     2
       Meat ration       |       |       |     1 |       |       ||     1
       Pizza             |       |       |       |     1 |       ||     1
       Beef jerky        |       |       |       |       |     2 ||     2
